 Dungeon Crawl Stone Soup version 0.29-a0-344-ge2f44be95a (webtiles) character file.

Game seed: 15083733681896307571

347 Enlil the Sneak (level 6, -3/43 HPs)
             Began as a Vampire Enchanter on Apr 22, 2022.
             Slain by a bullfrog (7 damage)
             ... on level 6 of the Dungeon.
             The game lasted 00:24:57 (3090 turns).

Enlil the Sneak (Vampire Enchanter)                 Turns: 3090, Time: 00:24:58

Health: -3/43      AC:  5    Str:  7    XL:     6   Next: 33%
Magic:  9/9        EV: 13    Int: 17    God:
Gold:   204        SH:  0    Dex: 17    Spells: 6/9 levels left

rFire   . . .      SeeInvis +   c - +0 dagger (venom)
rCold   . . .      Faith    .   (no shield)
rNeg    . . .      Spirit   .   d - +1 leather armour
rPois   .          Reflect  .   (no helmet)
rElec   .          Harm     .   g - +0 cloak
rCorr   .          Rampage  .   (no gloves)
Will    .....                   (no boots)
Stlth   +++.......              (no amulet)
HPRegen 0.34/turn               (no ring)
MPRegen 0.11/turn               (no ring)

@: healing quickly
A: alive, fangs 3, see invisible, vampiric 2
a: Exsanguinate


You were on level 6 of the Dungeon.
You visited 1 branch of the dungeon, and saw 4 of its levels.

You collected 204 gold pieces.

Inventory:

Hand Weapons
 a - a +1 dagger
 c - a +0 dagger of venom (weapon)
 n - the +7 mace of the Twisting Ancients {vorpal, rC++ rN+ Will- MP+9}
   (You found it on level 3 of the Dungeon)

   It inflicts extra damage upon your enemies.
   rC:        It greatly protects you from cold.
   rN:        It protects you from negative energy.
   MP:        It affects your magic capacity (+9).
   Will:      It decreases your willpower.
Missiles
 h - 7 boomerangs (quivered)
Armour
 d - a +1 leather armour (worn)
 g - a +0 cloak (worn)
Jewellery
 m - a ring of resist corrosion
Scrolls
 o - a scroll of blinking {unknown}
 q - a scroll of identify
Potions
 b - 2 potions of flight
 e - a potion of cancellation {unknown}
 f - 2 potions of attraction
 i - 2 potions of curing
 j - a potion of haste {unknown}
 k - a potion of might {unknown}
 l - a potion of mutation {unknown}
 p - a potion of ambrosia {unknown}


   Skills:
 + Level 1.6 Fighting
 + Level 3.3 Short Blades
 + Level 0.2 Throwing
 + Level 1.9 Armour
 + Level 3.7 Dodging
 + Level 6.2 Stealth
 + Level 2.2 Spellcasting
 + Level 5.1 Hexes


You had 6 spell levels left.
You knew the following spells:

 Your Spells              Type           Power      Damage    Failure   Level
a - Confusing Touch       Hex            19%        N/A       11%         3

Your spell library contained the following spells:

 Spells                   Type           Power      Damage    Failure   Level
 Tukima's Dance           Hex            19%        N/A       11%         3
 Ensorcelled Hibernation  Hex/Ice        20%        N/A       14%         2
 Dazzling Flash           Conj/Hex       20%        N/A       28%         3


Dungeon Overview and Level Annotations

Branches:
Dungeon (3/15)             Temple (0/1) D:6

Altars:
Fedhas

Shops:
D:2 (


Innate Abilities, Weirdness & Mutations

Your natural rate of healing is accelerated.
You have razor-sharp teeth.
You have supernaturally acute eyesight. (SInv)
You are afflicted with vampirism and can become a bat while bloodless.


Message History

A scorpion comes into view.
The bullfrog attacks as you move away! The bullfrog hits you!
The sentinel's mark upon you fades away.
The bullfrog hits you.
You hit the scorpion but do no damage.
The scorpion is poisoned.
The scorpion closely misses you. The bullfrog closely misses you.
The bullfrog misses you. The scorpion barely misses you. The bullfrog hits you.
* * * LOW HITPOINT WARNING * * *
The scorpion stings you.
* * * LOW HITPOINT WARNING * * *
The scorpion attacks as you move away! The scorpion closely misses you.
The bullfrog attacks as you move away! The bullfrog closely misses you.
The scorpion attacks as you move away! The scorpion stings you.
* * * LOW HITPOINT WARNING * * *
The bullfrog completely misses you. The bullfrog attacks as you move away!
The bullfrog hits you but does no damage.
The bullfrog attacks as you move away! The bullfrog barely misses you. x2
The scorpion attacks as you move away! The scorpion barely misses you.
The bullfrog completely misses you. The bullfrog attacks as you move away!
The bullfrog closely misses you.
The bullfrog looks more healthy.
You kill the scorpion!
The bullfrog closely misses you. The bullfrog barely misses you.
The bullfrog misses you. The bullfrog hits you.
* * * LOW HITPOINT WARNING * * *
The bullfrog barely misses you. The bullfrog attacks as you move away!
The bullfrog barely misses you.
You closely miss the bullfrog.
The bullfrog is almost dead.
The bullfrog hits you.
* * * LOW HITPOINT WARNING * * *
The bullfrog attacks as you move away! The bullfrog hits you.
* * * LOW HITPOINT WARNING * * *
The bullfrog misses you. The bullfrog attacks as you move away!
The bullfrog barely misses you. The bullfrog hits you!
You die...

##.......................
.#..............##........
...............####.......
#.............# #.......
#...........## ##......
##.........## #..####
##.......## #†.#
##.......#######.##
##...@F...........##
#....###...........#
#.....## ###........#.#
###...# ###..##..### ###.#
######.# ### ##


You could see a bullfrog.

Vanquished Creatures
  A bullfrog (D:6)
  2 scorpions (D:6)
  6 gnolls (D:3)
  4 adders
  A worm (D:3)
  A dart slug (D:2)
  6 ball pythons
  2 endoplasms
  2 giant cockroaches (D:1)
  14 goblins
  6 hobgoblins
  8 jackals
  A quokka (D:3)
  4 bats
  2 frilled lizards (D:1)
  7 kobolds
  9 rats
76 creatures vanquished.

Notes
Turn   | Place    | Note
-------+----------+-------------------------------------------
     0 | D:1      | Enlil the Vampire Enchanter began the quest for the Orb.
     0 | D:1      | Reached XP level 1. HP: 13/13 MP: 3/3
   267 | D:1      | Reached XP level 2. HP: 19/19 MP: 5/5
   404 | D:1      | Reached skill level 5 in Stealth
   730 | D:1      | Gained mutation: You are afflicted with vampirism and can
                  | become a bat while bloodless. [Vampire growth]
   730 | D:1      | Reached XP level 3. HP: 24/24 MP: 6/6
  1041 | D:2      | Found a blossoming altar of Fedhas.
  1200 | D:2      | Found Seecle's Weapon Shop.
  1680 | D:2      | Reached XP level 4. HP: 31/31 MP: 7/7
  1684 | D:2      | Learned a level 3 spell: Confusing Touch
  1941 | D:3      | Identified the +7 mace of the Twisting Ancients {vorpal,
                  | rC++ rN+ Will- MP+9}
  2080 | D:3      | Found a faded altar of an unknown god.
  2112 | D:3      | Reached skill level 1 in Fighting
  2210 | D:3      | Reached XP level 5. HP: 18/37 MP: 8/8
  2908 | D:3      | You fall into a shaft and drop 3 floors!
  2920 | D:6      | Found a staircase to the Ecumenical Temple.
  3040 | D:6      | Reached skill level 1 in Armour
  3040 | D:6      | Reached skill level 6 in Stealth
  3040 | D:6      | Reached skill level 5 in Hexes
  3060 | D:6      | Reached XP level 6. HP: 31/43 MP: 9/9
  3090 | D:6      | Slain by a bullfrog

Illustrated notes

Levels and vault maps discovered:
D:1:      dreamdust_arrival_beginning_and_end, layout_basic
D:2:      cheibrodos_greedy_goblins, layout_loops_ring, serial_shops,
          nicolae_square_shop, basic_altar
D:3:      layout_loops_ring, basic_ecumenical_altar
D:6:      layout_layer_cave, minmay_temple_entry_trees, gammafunk_ghost_arena

Skill      XL: |  1  2  3  4  5 |
---------------+----------------+-----
Stealth        | 5 6 |  6.2
Short Blades   | 2 3 |  3.3
Fighting       | 1 |  1.6
Dodging        | 3 |  3.7
Armour         | 1 |  1.9
Hexes          | 5 |  5.1
Throwing       | |  0.2
Spellcasting   | |  2.2

Action                   |  1- 3 |  4- 6 || total
-------------------------+-------+-------++-------
Melee: Dagger            |   119 |   160 ||   279
       Bite              |     7 |    15 ||    22
Throw: Dart              |    10 |       ||    10
 Cast: Confusing Touch   |       |     2 ||     2
  Use: Scroll            |     2 |     4 ||     6
       Potion            |       |     4 ||     4
 Stab: Sleeping          |     9 |     3 ||    12
       Confused          |       |     1 ||     1
Armor: Robe              |    21 |       ||    21
       Leather armour    |     7 |    46 ||    53
Dodge: Dodged            |    79 |   133 ||   212

Table legend: (Time is in decaauts)
 A = Elapsed time spent in this place.
 B = Non-inter-level travel time spent in this place.
 C = Inter-level travel time spent in this place.
 D = Time resting spent in this place.
 E = Time spent auto-exploring this place.
 F = Levels seen in this place.
 G = Mean time per level.
                   A        B        C        D        E       F      G
               +--------+--------+--------+--------+--------+-----+--------+
         Total |   3055 |   3055 |      0 |    542 |    782 |   4 |  763.8 |
       Dungeon |   3055 |   3055 |      0 |    542 |    782 |   4 |  763.8 |
               +--------+--------+--------+--------+--------+-----+--------+

Top non-repeatable levels by time:
     D:2: 1045 daAuts
     D:1: 1035 daAuts
     D:3: 794 daAuts
     D:6: 180 daAuts
